 Dungeon Crawl Stone Soup version 0.30.1-3-gfc49f6343a (webtiles) character file.

Game seed: 15329401525710173170

359 Pepete the Shooter (level 6, -4/48 HPs)
             Began as a Human Hunter on July 20, 2023.
             Slain by Duvessa
             ... wielding a +0 rapier
              (8 damage)
             ... on level 5 of the Dungeon.
             The game lasted 00:09:21 (6334 turns).

Pepete the Shooter (Human Hunter)                   Turns: 6334, Time: 00:09:21

Health: -4/48      AC: 12    Str: 12    XL:     6   Next: 98%
Magic:  6/6        EV: 12    Int:  9    God:
Gold:   265        SH:  0    Dex: 18    Spells: 5/5 levels left

rFire   + . .        a - +0 shortbow
rCold   . . .        (shield currently unavailable)
rNeg    . . .        p - +0 chain mail {rF+}
rPois   .            k - +2 helmet {SInv}
rElec   .            (no cloak)
rCorr   +            (no gloves)
SInv    +            (no boots)
Will    .....        (no amulet) Stlth
                     m - +5 ring of evasion
HPRegen 0.28/turn    q - ring of resist corrosion
MPRegen 0.10/turn

%: no passive effects
@: mighty, silenced
A: no striking features
a: no special abilities


You were on level 5 of the Dungeon.
You visited 2 branches of the dungeon, and saw 6 of its levels.
You also visited: Ossuary.

You collected 265 gold pieces.

Inventory:

Hand Weapons
 a - a +0 shortbow (weapon)
 j - the +10 trident of Wyrd {drain, rElec rPois rC+}
   (You found it on level 2 of the Dungeon)

   rC:        It protects you from cold.
   rElec:     It insulates you from electricity.
   rPois:     It protects you from poison.
Armour
 c - a +0 leather armour
 k - a +2 helmet of see invisible (worn)
 p - a +0 chain mail of fire resistance (worn)
Jewellery
 m - a +5 ring of evasion (left hand)
 q - a ring of resist corrosion (right hand)
 y - a ring of flight
Wands
 w - a wand of iceblast (10)
Scrolls
 b - a scroll of immolation
 g - a scroll of identify
 n - a scroll of blinking
 r - a scroll of enchant weapon
 u - a scroll of magic mapping
 v - a scroll of poison
Potions
 d - 2 potions of might
 e - a potion of cancellation
 f - 3 potions of heal wounds
 l - a potion of brilliance
 s - 2 potions of curing
 t - 2 potions of degeneration
 x - a potion of resistance
 z - a potion of invisibility {unknown}
 A - a potion of magic {unknown}


   Skills:
 + Level 4.0 Fighting
 + Level 5.4 Ranged Weapons
 * Level 2.6 Armour
 - Level 3.3 Dodging
 - Level 1.0 Stealth


You had 5 spell levels left.
You didn't know any spells.
Your spell library contained the following spells:

 Spells                   Type           Power      Damage    Failure   Level
 Sandblast                Erth           0%         2d4       100%        1
 Passwall                 Tmut/Erth      0%         N/A       100%        2
 Stone Arrow              Conj/Erth      0%         3d7       100%        3


Dungeon Overview and Level Annotations

Branches:
Dungeon (5/15)             Temple (1/1) D:4         Ossuary (visited)

Altars:
Ashenzari
Cheibriados
Dithmenos
Gozag
Kikubaaqudgha
Makhleb
Nemelex Xobeh
Qazlal
Ru
Sif Muna
Trog
Uskayaw
Vehumet
Xom
Yredelemnul
Zin
The Shining One

Annotations:
D:4 3 runed translucent doors, HotCheetoh's ghost, amateur HOFi; xerfel's ghost, weakling DjFE
D:5 Dowan; Duvessa


Message History

Press: ? - help, Shift-Dir - straight line, f/p - Duvessa
Aim: Duvessa, wielding a +0 rapier and wearing a +0 ring mail (silenced, moderately wounded, fast, ally target, 72% to hit)
You shoot an arrow. The arrow hits Duvessa.
Duvessa is moderately wounded.
Dowan hits you but does no damage. Duvessa barely misses you.
Dowan barely misses you. Duvessa hits you with a +0 rapier.
Magic scrolls do not work when you're silenced!
Unknown command.
Magic scrolls do not work when you're silenced!
Fire: a) +0 shortbow
Press: ? - help, Shift-Dir - straight line, f/p - Duvessa
Aim: Duvessa, wielding a +0 rapier and wearing a +0 ring mail (silenced, moderately wounded, fast, ally target, 72% to hit)
You shoot an arrow. The arrow hits Duvessa.
Duvessa is heavily wounded.
Your butterfly disappears in a burst of colours!
Duvessa hits you with a +0 rapier.
* * * LOW HITPOINT WARNING * * *
Dowan hits you with a +3 dagger.
* * * LOW HITPOINT WARNING * * *
Duvessa hits you but does no damage. Dowan hits you with a +3 dagger.
* * * LOW HITPOINT WARNING * * *
Duvessa barely misses you.
Unknown command.
Unknown command.
Fire: a) +0 shortbow
Press: ? - help, Shift-Dir - straight line, f/p - Duvessa
Aim: Duvessa, wielding a +0 rapier and wearing a +0 ring mail (silenced, heavily wounded, fast, ally target, 72% to hit)
You shoot an arrow. The arrow hits Duvessa.
Duvessa is heavily wounded.
Duvessa hits you with a +0 rapier.
* * * LOW HITPOINT WARNING * * *
Dowan barely misses you. Duvessa closely misses you. Dowan barely misses you.
Fire: a) +0 shortbow
Press: ? - help, Shift-Dir - straight line, f/p - Duvessa
Aim: Duvessa, wielding a +0 rapier and wearing a +0 ring mail (silenced, heavily wounded, fast, ally target, 72% to hit)
You shoot an arrow. The arrow hits Duvessa.
Duvessa is severely wounded.
Your butterfly disappears in a burst of colours! x2
Duvessa hits you with a +0 rapier!
You die...

..........................#...
..≈≈≈≈.._..≈≈≈≈..PPPP.....#...
.....)..................).#...
#####...............#....#...
##.##.####.####.##..##...
####.####b###### ..#
#...bb..b.# ..# #.b.b.b..b# #
#..bb@e.b.# #..bb.e.b.#
##...##...# ##### b.b# .....
.?.b... ....... .......
.......


You could see Duvessa (fast, ally target) and Dowan (ally target).

Vanquished Creatures
  A hound (D:5)
  2 jellies (D:4)
  A sleepcap (D:5)
  2 orc wizards (D:3)
  A mummy (Ossuary)
  3 adders
  A gnoll (D:4)
  A worm (D:2)
  3 dart slugs
  6 orcs (D:3)
  4 spectral bats (Ossuary)
  5 ball pythons
  5 endoplasms
  2 giant cockroaches
  12 gnoll zombies (Ossuary)
  9 goblins
  3 hobgoblins
  6 jackals
  6 kobolds
  7 quokkas
  6 bats
  2 bat simulacra (Ossuary)
  A frilled lizard (D:1)
  A goblin simulacrum (Ossuary)
  5 goblin zombies (Ossuary)
  4 hobgoblin zombies (Ossuary)
  3 kobold simulacra (Ossuary)
  6 kobold zombies (Ossuary)
  3 orc zombies (Ossuary)
  6 rats
  4 rat simulacra (Ossuary)
  5 spectral goblins (Ossuary)
  3 spectral kobolds (Ossuary)
  3 spectral rats (Ossuary)
132 creatures vanquished.

Notes
Turn   | Place    | Note
-------+----------+-------------------------------------------
     0 | D:1      | Pepete the Human Hunter began the quest for the Orb.
     0 | D:1      | Reached XP level 1. HP: 16/16 MP: 1/1
   129 | D:1      | Reached XP level 2. HP: 22/22 MP: 2/2
   444 | D:1      | Reached XP level 3. HP: 28/28 MP: 3/3
   977 | D:2      | Identified the +10 trident of Wyrd {drain, rElec rPois rC+}
  1067 | D:2      | Found a sacrificial altar of Ru.
  1255 | D:2      | Reached XP level 4. HP: 34/34 MP: 4/4
  1641 | D:3      | Reached XP level 5. HP: 24/41 MP: 5/5
  2390 | D:3      | Found a faded altar of an unknown god.
  2773 | D:4      | Found a runed translucent gate.
  2773 | D:4      | Found a runed translucent gate.
  2774 | D:4      | Found a runed translucent gate.
  2775 | D:4      | Noticed xerfel's ghost (weakling DjFE)
  2776 | D:4      | Noticed HotCheetoh's ghost (amateur HOFi)
  2823 | D:4      | Found a sand-covered staircase.
  2828 | Ossuary  | Entered an ossuary
  3111 | Ossuary  | Reached skill level 5 in Ranged Weapons
  3945 | Ossuary  | Reached skill level 1 in Armour
  3945 | Ossuary  | Reached XP level 6. HP: 37/45 MP: 6/6
  4664 | D:4      | Found a staircase to the Ecumenical Temple.
  4748 | Temple   | Entered the Ecumenical Temple
  5186 | D:5      | Entered Level 5 of the Dungeon
  5944 | D:5      | Noticed an ogre
  5944 | D:5      | Noticed a black bear
  6286 | D:5      | Found a sacrificial altar of Ru.
  6311 | D:5      | Noticed Dowan
  6312 | D:5      | Noticed Duvessa
  6334 | D:5      | Slain by Duvessa

Illustrated notes

Levels and vault maps discovered:
D:1:      dpeg_arrival_pond, layout_basic
D:2:      layout_rooms, basic_altar
D:3:      layout_basic, shapermc_ecumenical_altar_mp_vishouse
D:4:      layout_loops_ring, minmay_temple_entry_junction,
          gammafunk_ghost_cemetery, enter_ossuary_5, minmay_pentomino_pile
D:5:      layout_gridville, mainiacjoe_overflow_boulevard,
          gammafunk_ghost_smash, uniq_duvessa
Temple:   minmay_temple_bridge_d

Skill      XL: |  1  2  3  4  5  6 |
---------------+-------------------+-----
Fighting       | 3 4 |  4.0
Dodging        | 3 |  3.3
Ranged Weapons | 5 |  5.4
Armour         | 1 2 |  2.6
Stealth        | |  1.0

Action                     |  1- 3 |  4- 6 || total
---------------------------+-------+-------++-------
  Melee: Trident           |       |     5 ||     5
   Fire: Shortbow          |    90 |   361 ||   451
    Use: Scroll            |       |    18 ||    18
         Potion            |       |     1 ||     1
 Armour: Leather armour    |     8 |    24 ||    32
         Chain mail        |       |   135 ||   135
  Dodge: Dodged            |    13 |   256 ||   269
